 Dungeon Crawl Stone Soup version 0.30.1-11-g7821555f0a (webtiles) character file.

Game seed: 10328953219084012082

240 KittyFluff the Cudgeller (level 6, -1/38 HPs)
             Began as a Gargoyle Berserker on Nov 10, 2023.
             Was a Believer of Trog.
             Slain by an orc
             ... wielding a +0 dagger
              (3 damage)
             ... on level 3 of the Dungeon.
             The game lasted 00:06:24 (1534 turns).

KittyFluff the Cudgeller (Gargoyle Berserker)       Turns: 1534, Time: 00:06:25

Health: -1/38      AC: 11    Str: 22    XL:     6   Next: 8%
Magic:  6/6        EV: 11    Int:  8    God:    Trog [**....]
Gold:   36         SH:  0    Dex:  9    Spells: 5/5 levels left

rFire   . . .        a - +0 mace
rCold   . . .        (no shield)
rNeg    + . .        p - +0 leather armour
rPois   ∞            q - +2 helmet
rElec   +            (no cloak)
rCorr   +            (no gloves)
SInv    .            (no boots)
Will    .....        (no amulet)
Stlth   ++           e - ring of resist corrosion
HPRegen 0.26/turn    o - ring of flight
MPRegen 0.10/turn

%: no passive effects
@: flying
A: sickness immunity, AC +4, negative energy resistance 1, electricity
resistance, torment resistance 1, petrification resistance
a: Renounce Religion, Berserk, Trog's Hand


You were on level 3 of the Dungeon.
You worshipped Trog.
Trog was pleased with you.
You visited 1 branch of the dungeon, and saw 4 of its levels.

You collected 36 gold pieces.

Inventory:

Hand Weapons
 a - a +0 mace (weapon)
Armour
 p - a +0 leather armour (worn)
 q - a +2 helmet (worn)
Jewellery
 e - a ring of resist corrosion (left hand)
 o - a ring of flight (right hand)
Wands
 m - a wand of digging (4)
 s - a wand of paralysis (11)
Scrolls
 c - a scroll of enchant weapon {unknown}
 g - 4 scrolls of teleportation {unknown}
 h - 2 scrolls of immolation {unknown}
 i - 2 scrolls of amnesia {unknown}
 j - a scroll of noise {unknown}
 k - 4 scrolls of identify {unknown}
 l - a scroll of magic mapping {unknown}
 r - a scroll of butterflies {unknown}
Potions
 b - 2 potions of heal wounds {unknown}
 d - 2 potions of mutation {unknown}
 f - a potion of brilliance {unknown}
 n - 2 potions of haste {unknown}


   Skills:
 + Level 3.9 Fighting
 * Level 4.3 Maces & Flails
 * Level 4.0 Armour
 + Level 2.3 Dodging
 + Level 2.5 Stealth


You had 5 spell levels left.
You didn't know any spells.
Your spell library was empty.

Dungeon Overview and Level Annotations

Branches:
Dungeon (4/15)
 Temple: D:4-7

Altars:
Cheibriados

Annotations:
D:4 Pikel


Innate Abilities, Weirdness & Mutations

You are immune to sickness and miasma.
Your stone body is resilient. (AC +4)
You are immune to poison.
You resist negative energy. (rN+)
You are resistant to electric shocks. (rElec)
You are resistant to unholy torment.
You are immune to petrification.


Message History

The lemure hits you but does no damage.
You barely miss the lemure.
The lemure is lightly wounded.
The lemure hits you but does no damage. x2; The orc completely misses you.
You hit the lemure.
The lemure is moderately wounded.
The lemure hits you but does no damage. The lemure closely misses you.
The orc closely misses you.
You completely miss the lemure.
The lemure is moderately wounded.
The lemure hits you but does no damage. The lemure hits you.
The orc hits you but does no damage.
You sock the lemure!
The lemure is severely wounded.
The lemure barely misses you. The lemure closely misses you.
The orc closely misses you.
You hit the lemure.
The lemure is severely wounded.
The lemure hits you. The lemure hits you but does no damage.
The orc hits you but does no damage. The lemure barely misses you.
The orc hits you with a +0 dagger. The lemure barely misses you.
You barely miss the lemure.
The lemure is severely wounded.
The lemure hits you! The lemure barely misses you.
The orc hits you but does no damage.
You hit the lemure but do no damage.
The lemure is severely wounded.
The lemure hits you but does no damage. The lemure misses you.
The orc barely misses you.
You hit the lemure but do no damage.
The lemure is severely wounded.
The lemure hits you!
* * * LOW HITPOINT WARNING * * *
The lemure hits you but does no damage. The orc barely misses you.
You barely miss the lemure.
The lemure is severely wounded.
The lemure hits you.
* * * LOW HITPOINT WARNING * * *
The lemure hits you but does no damage. The orc hits you with a +0 dagger.
You die...

######### #......<#
#.#####.# #.# #.# #.# #.#
#5# #.#### #@### #....###
#5oo###......#
##########.#...#......#
#............#........##
#............##.#+#....####
#............##...#.##....#
##########.#####...........
######........####.##.#
#.......##########.#..#


You could see 2 lemures and 2 orcs.

Vanquished Creatures
  Sigmund (D:2)
  2 adders
  3 dart slugs
  3 orcs (D:3)
  2 bats
  4 endoplasms
  A giant cockroach (D:2)
  5 hobgoblins
  9 jackals
  6 ball pythons
  3 frilled lizards
  3 goblins
  6 rats
48 creatures vanquished.

Notes
Turn   | Place    | Note
-------+----------+-------------------------------------------
     0 | D:1      | KittyFluff the Gargoyle Berserker began the quest for the
                  | Orb.
     0 | D:1      | Reached XP level 1. HP: 14/14 MP: 1/1
   349 | D:1      | Reached XP level 2. HP: 19/19 MP: 2/2
   676 | D:2      | Noticed Sigmund
   696 | D:2      | Killed Sigmund
   697 | D:2      | Reached XP level 3. HP: 13/24 MP: 3/3
   697 | D:2      | Reached XP level 4. HP: 15/29 MP: 4/4
   697 | D:2      | Reached XP level 5. HP: 17/33 MP: 5/5
  1125 | D:3      | Reached ** piety under Trog
  1277 | D:3      | Reached XP level 6. HP: 38/38 MP: 6/6
  1311 | D:3      | Found a snail-covered altar of Cheibriados.
  1508 | D:4      | Noticed Pikel
  1534 | D:3      | Slain by an orc

Illustrated notes

Levels and vault maps discovered:
D:1:      denvon_arrival_planthouse, layout_loops_ring, serial_rivers,
          chequers_serial_rivers_room_b, chequers_serial_rivers_marsh,
          chequers_serial_rivers_micro_d, chequers_serial_rivers_micro_b
D:2:      layout_rooms, kennysheep_generic_room_13, uniq_sigmund
D:3:      layout_basic, nicolae_overflow_crystal_walls
D:4:      layout_basic, minmay_temple_entry_fiery, uniq_pikel

Skill      XL: |  1  2  3  4  5 |
---------------+----------------+-----
Maces & Flails | 4 |  4.3
Armour         | 3 4 |  4.0
Dodging        | 2 |  2.3
Stealth        | 2 |  2.5
Fighting       | |  3.9

Action                     |  1- 3 |  4- 6 || total
---------------------------+-------+-------++-------
  Melee: Mace              |    55 |   111 ||   166
         Punch             |       |     1 ||     1
   Stab: Sleeping          |       |     2 ||     2
 Armour: Animal skin       |    16 |     3 ||    19
         Leather armour    |       |    60 ||    60
  Dodge: Dodged            |    34 |    89 ||   123
